 Dungeon Crawl Stone Soup version 0.26.1-11-gd32895ea62 (webtiles) character file.

Game seed: 8518297079166124061

18090 bnorton916 the Destroyer (level 12, 0/59 HPs)
             Began as a Deep Elf Conjurer on July 10, 2021.
             Was a Follower of Vehumet.
             Slain by a rime drake (7 damage)
             ... on level 1 of the Lair of Beasts.
             The game lasted 00:52:06 (21091 turns).

bnorton916 the Destroyer (Deep Elf Conjurer)       Turns: 21091, Time: 00:52:07

Health: 0/59       AC:  8    Str:  5    XL:     12   Next: 24%
Magic:  41/45      EV: 13    Int: 28    God:    Vehumet [*.....]
Gold:   586        SH:  0    Dex: 13    Spells: 1/30 levels left

rFire    . . .     SeeInvis .   G - staff of conjuration
rCold    . . .     Faith    +   (no shield)
rNeg     + . .     Spirit   .   p - +2 robe {rN+}
rPois    .         Reflect  .   B - +0 helmet
rElec    .         Harm     .   n - +0 cloak {rCorr}
rCorr    +         Rampage  .   t - +0 pair of gloves
Will     +....                  R - +0 pair of boots
Stlth    ++........             H - amulet of faith
HPRegen  0.19/turn              O - ring of magical power
MPRegen  0.29/turn              E - ring of magical power

@: about to teleport
A: no striking features
a: Renounce Religion


You were on level 1 of the Lair of Beasts.
You worshipped Vehumet.
Vehumet was aware of your devotion.
You visited 3 branches of the dungeon, and saw 13 of its levels.
You also visited: Trove.

You collected 698 gold pieces.
You spent 112 gold pieces at shops.

Inventory:

Hand Weapons
 o - a +2 quarterstaff of chaos
 U - a +4 short sword
Missiles
 F - 355 stones
Armour
 n - a +0 cloak of preservation (worn)
 p - a +2 robe of positive energy (worn)
 t - a +0 pair of gloves (worn)
 B - a +0 helmet (worn)
 Q - a cursed +0 leather armour
 R - a +0 pair of boots (worn)
 W - a scarf of invisibility
Magical Staves
 w - an uncursed staff of death
 y - an uncursed staff of air
 G - an uncursed staff of conjuration (weapon)
Jewellery
 m - an uncursed ring of see invisible
 E - a ring of magical power (right hand)
 H - an amulet of faith (around neck)
 M - a +6 ring of strength
 O - a ring of magical power (left hand)
 S - an uncursed ring of ice
 V - an uncursed amulet of the acrobat
 Y - an uncursed ring of ice
Wands
 a - a wand of random effects (55)
 l - a wand of paralysis (20)
 u - a wand of digging (5)
 x - a wand of acid (24)
 C - a wand of flame (6)
 X - a wand of polymorph (15)
Scrolls
 b - 7 scrolls of teleportation
 f - 3 scrolls of blinking
 k - a scroll of identify
 q - 3 scrolls of enchant weapon
 v - a scroll of enchant armour
 I - a scroll of amnesia
 T - a scroll of silence
 Z - 2 scrolls of remove curse
Potions
 c - 2 potions of mutation
 d - 3 potions of attraction
 e - a potion of brilliance
 g - 8 potions of curing
 h - 2 potions of might
 i - 3 potions of berserk rage
 j - 4 potions of invisibility
 r - 3 potions of heal wounds
 s - 3 potions of flight
 z - 4 potions of haste
 A - a potion of resistance
 J - 2 potions of ambrosia
 N - a potion of cancellation
 P - a potion of magic
Miscellaneous
 L - a phial of floods


   Skills:
 - Level 2.4 Dodging
 - Level 2.4 Stealth
 - Level 9.8 Spellcasting
 - Level 11.9 Conjurations
 - Level 8.2 Hexes
 - Level 7.7 Summonings
 - Level 5.3 Translocations
 - Level 8.2 Fire Magic
 + Level 8.7 Ice Magic
 - Level 3.0 Air Magic
 + Level 3.4 Earth Magic


You had one spell level left.
You knew the following spells:

 Your Spells              Type           Power        Failure   Level
a - Magic Dart            Conj           100%         1%          1
b - Searing Ray           Conj           100%         1%          2
c - Dazzling Flash        Conj/Hex       100%         1%          3
d - Fulminant Prism       Conj/Hex       40%          1%          4
e - Iskenderun's Mystic   Conj/Tloc      76%          1%          4
f - Bolt of Magma         Conj/Fire/Erth 36%          4%          5
i - Summon Ice Beast      Ice/Summ       56%          1%          4
j - Freezing Cloud        Conj/Ice/Air   36%          24%         6

Your spell library contained the following spells:

 Spells                   Type           Power        Failure   Level
 Apportation              Tloc           86%          1%          1
 Foxfire                  Conj/Fire      100%         1%          1
 Freeze                   Ice            100%         1%          1
 Sandblast                Erth           66%          1%          1
 Shock                    Conj/Air       100%         1%          1
 Sting                    Tmut/Pois      52%          4%          1
 Confusing Touch          Hex            56%          1%          3
 Conjure Flame            Conj/Fire      81%          1%          3
 Frozen Ramparts          Ice            100%         1%          3
 Gell's Gravitas          Tloc           21%          1%          3
 Ozocubu's Armour         Ice            58%          1%          3
 Static Discharge         Conj/Air       70%          1%          3
 Stone Arrow              Conj/Erth      100%         1%          3
 Cause Fear               Hex            28%          1%          4
 Hailstorm                Conj/Ice       82%          1%          4
 Sticky Flame             Conj/Fire      81%          1%          4
 Fireball                 Conj/Fire      40%          1%          5
 Iskenderun's Battlesphe  Conj           88%          1%          5
 Corpse Rot               Necr/Air       N/A          3%          2
 Leda's Liquefaction      Hex/Erth       23%          3%          4
 Metabolic Englaciation   Hex/Ice        28%          3%          5
 Lightning Bolt           Conj/Air       35%          5%          5
 Summon Forest            Summ/Tloc      25%          8%          5
 Irradiate                Conj/Tmut      31%          10%         5
 Petrify                  Tmut/Erth      23%          21%         4
 Yara's Violent Unravell  Hex/Tmut       18%          21%         5
 Alistair's Intoxication  Tmut/Pois      8%           75%         5
 Summon Hydra             Summ           27%          82%         7
 Eringya's Noxious Bog    Tmut/Pois      6%           99%         6
 Hydra Form               Tmut           6%           99%         6
 Chain Lightning          Conj/Air       35%          100%        8
 Ignition                 Fire           28%          100%        8
 Lehudib's Crystal Spear  Conj/Erth      35%          100%        8
 Absolute Zero            Ice            29%          100%        9
 Shatter                  Erth           16%          100%        9
 Tornado                  Air            15%          100%        9


Dungeon Overview and Level Annotations

Branches:
Dungeon (10/15)            Temple (1/1) D:6            Lair (2/6) D:9
    Orc (0/2) D:10
  Swamp: Lair:2-4    Shoals: Lair:2-4     Snake: Lair:2-4    Spider: Lair:2-4

Altars:
Ashenzari
Cheibriados
Dithmenos
Elyvilon
Fedhas
Gozag
Hepliaklqana
Kikubaaqudgha
Makhleb
Nemelex Xobeh
Okawaru
Qazlal
Ru
Sif Muna
Uskayaw
Vehumet
Wu Jian
Xom
Yredelemnul
Zin
Beogh

Shops:
D:7 }   D:8 [


Message History

The flash freeze hits you.
* * * LOW HITPOINT WARNING * * *
You are encased in ice.
You climb upwards.
There is a stone staircase leading down here.
The ice encasing you melts away. The wolf bites you.
* * * LOW HITPOINT WARNING * * *
The wolf closely misses you.
As you read the scroll of teleportation, it crumbles to dust.
You feel strangely unstable. The wolf barely misses you. The wolf misses you.
The rime drake bites you.
* * * LOW HITPOINT WARNING * * *
The wolf misses you. The wolf closely misses you.
The wolf bites you but does no damage. The wolf misses you. The wolf bites you.
* * * LOW HITPOINT WARNING * * *
The wolf barely misses you. The rime drake bites you!
You die...

#.......^....
#...........#
##............
#...#.........
#########>.##........#
#.#........###....#..#
##........## #.......#
##....h....###......#.
#....@h....#......##.#
#.....k........#######
#...........##.#
##...........###
##.........##
#......#### ###..P##
#####


You could see a rime drake and 2 wolves.

Vanquished Creatures
  Josephine (D:10)
  2 two-headed ogres (D:9)
  Sonja (D:10)
  An unseen horror (D:10)
  An orc sorcerer (D:7)
  Prince Ribbit (Lair:1)
  4 blink frogs (Lair:1)
  A troll (D:9)
  3 wraiths
  Sigmund (D:4)
  Eustachio (D:4)
  9 yaks (Lair:1)
  Menkaure (D:4)
  18 wargs (D:7)
  A water moccasin (Lair:1)
  13 orc warriors
  2 black bears
  3 ice beasts
  A necrophage (D:9)
  A phantom (D:9)
  2 sky beasts (D:8)
  4 ogres
  4 wolves (Lair:2)
  7 centaurs
  An eye of draining (D:8)
  11 bullfrogs
  A big kobold (D:9)
  A gnoll sergeant (D:9)
  4 scorpions
  10 killer bees
  31 wights
  2 howler monkeys
  2 centaur zombies
  2 bullfrog zombies
  6 hounds
  A jelly (D:9)
  10 orc priests
  3 centaur skeletons
  Crazy Yiuf (D:2)
  Ijyb (D:4)
  3 iguanas
  2 orc wizards
  6 worker ants
  A hound zombie (D:9)
  2 hound skeletons
  Robin (D:4)
  14 gnolls
  9 adders
  A river rat (D:3)
  2 ufetubi
  2 adder skeletons
  4 worms
  2 dart slugs
  14 leopard geckos
  57 orcs
  3 ball pythons
  8 bats
  3 giant cockroaches
  19 goblins
  8 hobgoblins
  12 jackals
  7 kobolds
  3 quokkas
  13 frilled lizards
  A leopard gecko skeleton (D:5)
  A quokka skeleton (D:6)
  10 rats
378 creatures vanquished.

Vanquished Creatures (collateral kills)
  2 hydras (Lair:1)
  A cane toad (Lair:1)
  3 blink frogs (Lair:1)
6 creatures vanquished.

Vanquished Creatures (others)
  26 foxfires
  45 fulminant prisms
  22 fungi
  55 plants
148 creatures vanquished.

Grand Total: 532 creatures vanquished

Notes
Turn   | Place    | Note
-------+----------+-------------------------------------------
     0 | D:1      | bnorton916 the Deep Elf Conjurer began the quest for the
                  | Orb.
     0 | D:1      | Reached XP level 1. HP: 10/10 MP: 6/6
   154 | D:1      | Reached XP level 2. HP: 15/15 MP: 2/8
   635 | D:1      | Learned a level 2 spell: Searing Ray
   965 | D:2      | Reached skill level 5 in Conjurations
   965 | D:2      | Reached XP level 3. HP: 19/19 MP: 4/10
   969 | D:2      | Learned a level 3 spell: Dazzling Flash
  1347 | D:2      | Found a runed translucent door.
  1348 | D:2      | Noticed Crazy Yiuf
  1356 | D:2      | Killed Crazy Yiuf
  1357 | D:2      | Reached XP level 4. HP: 11/24 MP: 5/12
  2007 | D:3      | Reached skill level 5 in Spellcasting
  2020 | D:3      | Learned a level 4 spell: Fulminant Prism
  2187 | D:3      | Reached skill level 1 in Hexes
  2199 | D:3      | Reached XP level 5. HP: 24/28 MP: 3/14
  3340 | D:4      | Reached skill level 6 in Conjurations
  3543 | D:4      | Reached XP level 6. HP: 32/32 MP: 13/16
  3634 | D:4      | Noticed Ijyb
  3656 | D:4      | Paralysed by Ijyb for 4 turns
  3662 | D:4      | Killed Ijyb
  3842 | D:4      | Noticed Menkaure
  3843 | D:4      | Noticed Sigmund
  3845 | D:4      | Killed Menkaure
  3850 | D:4      | Killed Sigmund
  3851 | D:4      | Reached XP level 7. HP: 21/36 MP: 6/19
  4050 | D:4      | Noticed Eustachio
  4062 | D:5      | Entered Level 5 of the Dungeon
  4062 | D:5      | Found a glowing silver altar of Zin.
  4062 | D:5      | Found a burning altar of Makhleb.
  4062 | D:5      | Found a broken altar of Ashenzari.
  4062 | D:5      | Found a stormy altar of Qazlal.
  4062 | D:5      | Found a snail-covered altar of Cheibriados.
  4062 | D:5      | Found a hazy altar of Hepliaklqana.
  4063 | D:5      | Found a sacrificial altar of Ru.
  4145 | D:5      | Reached skill level 7 in Conjurations
  4234 | D:5      | Learned a level 4 spell: Iskenderun's Mystic Blast
  4388 | D:5      | Reached skill level 5 in Hexes
  4397 | D:5      | Reached skill level 1 in Translocations
  4804 | D:5      | Reached XP level 8. HP: 30/41 MP: 10/21
  5087 | D:5      | Found an opulent altar of Gozag.
  5861 | D:4      | Noticed Robin
  5865 | D:4      | Killed Robin
  5929 | D:4      | Killed Eustachio
  6278 | D:6      | Reached skill level 8 in Conjurations
  6984 | D:6      | Found a shimmering altar of Xom.
  6984 | D:6      | Found a white marble altar of Elyvilon.
  6984 | D:6      | Found a shimmering blue altar of Sif Muna.
  7025 | D:6      | Reached XP level 9. HP: 45/45 MP: 20/24
  7250 | D:6      | Found a staircase to the Ecumenical Temple.
  7329 | Temple   | Entered the Ecumenical Temple
  7349 | Temple   | Became a worshipper of Vehumet
  7895 | D:7      | Reached skill level 5 in Translocations
  8207 | D:7      | Reached * piety under Vehumet
  8207 | D:7      | Offered knowledge of Foxfire by Vehumet.
  8208 | D:7      | Reached skill level 9 in Conjurations
  8213 | D:7      | Learned a level 1 spell: Foxfire
  8347 | D:7      | Reached skill level 1 in Fire Magic
  8606 | D:7      | Reached skill level 10 in Conjurations
  8717 | D:7      | Reached XP level 10. HP: 38/50 MP: 25/25
  8777 | D:7      | Reached skill level 5 in Fire Magic
  9269 | D:7      | Offered knowledge of Sandblast by Vehumet.
  9272 | D:7      | Learned a level 1 spell: Sandblast
  9316 | D:7      | Reached ** piety under Vehumet
  9633 | D:7      | Found Mehaosm's Gadget Shop.
 10266 | D:7      | Reached skill level 11 in Conjurations
 10634 | D:7      | Noticed an orc sorcerer
 10638 | D:7      | Killed an orc sorcerer
 10664 | D:7      | Offered knowledge of Ignite Poison by Vehumet.
 11567 | D:8      | Identified the +8 hand axe of the Shoals {pain, Fragile
                  | Str+5}
 11954 | D:8      | Found Qytoshru's Antique Armour Emporium.
 12682 | D:8      | Reached *** piety under Vehumet
 12800 | D:8      | Got a spiked ring mail
 12920 | D:8      | Bought a pair of boots for 112 gold pieces
 13156 | D:9      | Learned a level 3 spell: Frozen Ramparts
 13161 | D:9      | Learned a level 4 spell: Summon Ice Beast
 14069 | D:9      | Noticed a two-headed ogre
 14081 | D:9      | Killed a two-headed ogre
 14082 | D:9      | Reached XP level 11. HP: 54/54 MP: 26/26
 14315 | D:9      | Noticed a two-headed ogre
 14327 | D:9      | Offered knowledge of Stone Arrow by Vehumet.
 14327 | D:9      | Killed a two-headed ogre
 14842 | D:9      | Reached **** piety under Vehumet
 15213 | D:9      | Offered knowledge of Bolt of Magma by Vehumet.
 15674 | D:9      | Found a staircase to the Lair.
 15823 | D:10     | Entered Level 10 of the Dungeon
 15961 | D:10     | Noticed Josephine
 16352 | D:10     | Reached skill level 5 in Summonings
 16352 | D:10     | Reached skill level 5 in Ice Magic
 16511 | D:10     | Noticed Sonja
 16511 | D:10     | Noticed an unseen horror
 16518 | D:10     | Killed an unseen horror
 16523 | D:10     | Killed Sonja
 16722 | D:10     | Killed Josephine
 16917 | D:10     | Found a portal to a secret trove of treasure.
 16946 | Trove    | Entered a treasure trove
 16961 | Trove    | Identified the Compendium of a Billion Teeth
 16970 | Trove    | Identified Gylatuin's Tome of Ignition
 16986 | Trove    | Identified Sif Muna's Incunabulum of Conjuration and
                  | Displacement
 16999 | Trove    | Identified Sif Muna's Guide on Excruciating Snow
 17005 | Trove    | Identified Sif Muna's Almanac of Attacks
 17008 | Trove    | Identified Wizardry, Part Four
 17547 | D:10     | Learned a level 6 spell: Freezing Cloud
 17581 | D:10     | Found a snail-covered altar of Cheibriados.
 18048 | D:10     | Reached skill level 1 in Air Magic
 18222 | D:10     | Found a staircase to the Orcish Mines.
 18316 | D:10     | Found a roughly hewn altar of Beogh.
 18439 | D:10     | Identified the cursed +1 ring mail of Merruiru {rPois rC+
                  | Int-5 SInv} (You found it on level 8 of the Dungeon)
 18460 | D:10     | Learned a level 5 spell: Bolt of Magma
 18740 | Lair:1   | Entered Level 1 of the Lair of Beasts
 18740 | Lair:1   | Noticed a six-headed hydra
 18748 | Lair:1   | Killed a six-headed hydra
 18845 | Lair:1   | Noticed Prince Ribbit
 18852 | Lair:1   | Killed Prince Ribbit
 19069 | Lair:1   | Reached XP level 12. HP: 45/59 MP: 27/27
 19540 | Lair:1   | Noticed a four-headed hydra
 19548 | Lair:1   | Killed a four-headed hydra
 19549 | Lair:1   | Reached skill level 1 in Earth Magic
 21091 | Lair:1   | Slain by a rime drake

Illustrated notes

Levels and vault maps discovered:
D:1:      ncdulo_wetmaze, layout_basic
D:2:      layout_loops_ring, serial_bayou_lagoon_a, chequers_garden,
          uniq_crazy_yiuf_cottage
D:3:      layout_rooms, gup_sewer_entry_bowl, serial_curves, eino_curves_01,
          eino_curves_03, eino_curves_03, minmay_randomly_rotated_circles
D:4:      layout_rooms, kennysheep_generic_room_14, uniq_eustachio,
          uniq_sigmund, uniq_ijyb, uniq_robin, uniq_menkaure
D:5:      minmay_razor_zed, layout_basic, grunt_temple_overflow_open,
          nicolae_gozag_cash_rules_everything_around_me, minmay_lizard_king
D:6:      layout_cave_pods, grunt_temple_overflow_diamond,
          minmay_temple_entry_arrows, chequers_arboretum, minivault_1
D:7:      lemuel_castle_with_subvaults [lemuel_castle_interior_carwin_2],
          layout_basic, serial_shops, shop, minmay_misc_feat_iff,
          hangedman_abyss_or_decor_lesser_grid
D:8:      layout_basic, serial_shops, shop
D:9:      layout_gridville, grunt_lair_entry_orc_guard_hut
D:10:     layout_roguey, minmay_orc_entry_temple_small,
          nicolae_trove_entry_crystal, lemuel_centaur_altar, uniq_sonja,
          uniq_josephine
Temple:   chequers_temple_sunken
Lair:1:   layout_cave_pods, uniq_prince_ribbit2
Lair:2:   layout_misc_corridors, minmay_swamp_entry_worms

Skill      XL: |  1  2  3  4  5  6  7  8  9 10 11 12 |
---------------+-------------------------------------+-----
Spellcasting   | 4 5 6 7 9 |  9.8
Conjurations   | 5 6 7 8 10 11 | 11.9
Hexes          | 1 2 4 5 7 8 |  8.2
Translocations | 2 4 5 |  5.3
Fire Magic     | 4 8 |  8.2
Summonings     | 2 7 |  7.7
Ice Magic      | 2 7 8 |  8.7
Air Magic      | 2 3 |  3.0
Earth Magic    | 3 |  3.4
Dodging        | |  2.4
Stealth        | |  2.4

Action                   |  1- 3 |  4- 6 |  7- 9 | 10-12 || total
-------------------------+-------+-------+-------+-------++-------
Melee: Unarmed           |     6 |       |       |       ||     6
       Quarterstaff      |       |    10 |     7 |       ||    17
       Staff             |       |       |     2 |    34 ||    36
 Cast: Magic Dart        |    55 |    97 |   180 |   162 ||   494
       Searing Ray       |     1 |    11 |    32 |    83 ||   127
       Iskenderun's Myst |       |       |     6 |    19 ||    25
       Fulminant Prism   |       |       |    10 |    35 ||    45
       Foxfire           |       |       |       |    14 ||    14
       Frozen Ramparts   |       |       |       |     5 ||     5
       Sandblast         |       |       |       |     9 ||     9
       Summon Ice Beast  |       |       |       |    12 ||    12
       Dazzling Flash    |       |       |       |     2 ||     2
       Bolt of Magma     |       |       |       |     1 ||     1
  Use: Scroll            |       |    14 |     6 |    14 ||    34
       Potion            |       |       |       |     3 ||     3
 Stab: Sleeping          |       |     1 |       |       ||     1
Armor: Robe              |     5 |     9 |    28 |    68 ||   110
Dodge: Dodged            |    23 |    35 |    75 |   168 ||   301
